 Dungeon Crawl Stone Soup version 0.31.0-9-g3a7656b989 (webtiles) character file.

Game seed: 1019592902094952347

1562812 greynaab the Luminary of Lethal Lore (level 27, 222/222 HPs)
             Began as a Gnoll Alchemist on Jan 22, 2024.
             Was the Champion of Vehumet.
             Escaped with the Orb
             ... and 3 runes on Jan 25, 2024!
             The game lasted 09:08:03 (83049 turns).

greynaab the Luminary of Lethal Lore (GnAl)        Turns: 83049, Time: 09:08:04

Health: 222/222    AC: 23    Str: 15      XL:     27
Magic:  60/60      EV: 11    Int: 25 (26) God:    Vehumet [******]
Gold:   2951       SH: 18    Dex:  3 (5)  Spells: 7/65 levels left

rFire   + + +        b - +8 trishula "Condemnation" {holy, anguish, *Noise Fly rN+}
rCold   + + +        i - +0 tower shield of the Accordion {*Corrode rElec rC++ SInv}
rNeg    + + +        d - quicksilver dragon scales
rPois   +            e - +1 hat "Iwoff" {rF+}
rElec   +            m - scarf {+Inv}
rCorr   .            r - +2 pair of gloves
SInv    +            B - +0 pair of boots "Tasmeog" {rPois rF+++}
Will    +++..        y - amulet "Lengak" {rPois rC+ rN++ Regen+ Dex-5}
Stlth   ++           V - ring of wizardry
HPRegen 1.37/turn    H - ring "Earthly Heaven" {rC+ MP+9 Str+4 SInv}
MPRegen 0.37/turn

%: corrode self (3%), wizardry (x1)
@: flying
A: fangs 2, strong nose, distributed training, clumsy 1, deterioration 2, high
MP 1, poison resistance, wild magic 1
0: Orb of Zot
}: 3/15 runes: decaying, silver, gossamer
a: Renounce Religion, Evoke Invisibility


You escaped.
You worshipped Vehumet.
Vehumet was exalted by your worship.
You visited 11 branches of the dungeon, and saw 51 of its levels.
You also visited: Gauntlet.

You collected 12789 gold pieces.
You spent 9838 gold pieces at shops.

Inventory:

Hand Weapons
 b - the +8 trishula "Condemnation" (weapon) {holy, anguish, *Noise Fly rN+}
   (You bought it in a shop on level 1 of the Elven Halls)

   rN+:       It protects you from negative energy.
   Fly:       It grants you flight.
   *Noise:    It may make a loud noise when swung.
 w - the +1 spear "Tadas" {spect, Will+ rCorr}
   (You bought it in a shop on level 2 of the Orcish Mines)

   Will+:     It increases your willpower.
   rCorr:     It protects you from acid and corrosion.
Missiles
 c - 9 silver javelins
 g - 3 throwing nets
 M - 10 curare-tipped darts
 Z - 14 javelins
Armour
 d - quicksilver dragon scales (worn)
 e - the +1 hat "Iwoff" (worn) {rF+}
   (You found it on level 3 of the Elven Halls)

   rF+:       It protects you from fire.
 i - the +0 tower shield of the Accordion (worn) {*Corrode rElec rC++ SInv}
   (You acquired it on level 7 of the Dungeon)

   rC++:      It greatly protects you from cold.
   rElec:     It insulates you from electricity.
   SInv:      It lets you see invisible.
   *Corrode:  It may corrode you when you take damage.
 m - a scarf of invisibility (worn)
 r - a +2 pair of gloves (worn)
 s - the +2 cloak "Pofurch" {Int+3}
   (You found it in a Gauntlet)

   Int+3:     It affects your intelligence (+3).
 B - the +0 pair of boots "Tasmeog" (worn) {rPois rF+++}
   (You acquired it on level 1 of the Crypt)

   rF+++:     It renders you almost immune to fire.
   rPois:     It protects you from poison
Jewellery
 q - the ring "Wakurete" {Ice Will+ Int+5}
   (You took it off Josephina on level 3 of the Depths)

   [ring of ice]

   Ice:       It enhances your ice magic.
   Int+5:     It affects your intelligence (+5).
   rF-:       It makes you vulnerable to fire.
   rC+:       It protects you from cold.
   Will+:     It increases your willpower.
 y - the amulet "Lengak" (around neck) {rPois rC+ rN++ Regen+ Dex-5}
   (You found it on level 4 of the Spider Nest)

   [amulet of regeneration]

   Dex-5:     It affects your dexterity (-5).
   rC+:       It protects you from cold.
   rPois:     It protects you from poison rN++: It greatly protects you from
   negative energy.
   Regen+:    It increases your rate of health regeneration.
 H - the ring "Earthly Heaven" (right hand) {rC+ MP+9 Str+4 SInv}
   (You acquired it on level 2 of the Spider Nest)

   [ring of magical power]

   Str+4:     It affects your strength (+4).
   rC+:       It protects you from cold.
   MP+9:      It affects your magic capacity (+9).
   SInv:      It lets you see invisible.
 V - a ring of wizardry (left hand)
Wands
 h - a wand of acid (21)
 F - a wand of iceblast (41)
 K - a wand of mindburst (32)
 P - a wand of digging (11)
 U - a wand of charming (28)
Scrolls
 f - 7 scrolls of poison
 j - 3 scrolls of noise
 p - 8 scrolls of vulnerability
 u - a scroll of revelation
 v - 3 scrolls of blinking
 x - 4 scrolls of silence
 C - 6 scrolls of immolation
 G - 4 scrolls of fear
 I - 2 scrolls of torment
 N - 6 scrolls of fog
 O - 21 scrolls of teleportation
Potions
 k - 11 potions of might
 l - 6 potions of brilliance
 o - 32 potions of curing
 t - 10 potions of heal wounds
 A - 9 potions of attraction
 D - 9 potions of mutation
 E - 2 potions of berserk rage
 J - 3 potions of haste
 L - 5 potions of resistance
 Q - 4 potions of enlightenment
 R - 3 potions of ambrosia
 S - 2 potions of invisibility
 T - 13 potions of lignification
 W - 3 potions of cancellation
 Y - 3 potions of magic
Miscellaneous
 a - a condenser vane
 n - a sack of spiders (inert)
 z - a phial of floods


   Skills:
 + Level 19.4 Fighting
 + Level 19.4 Short Blades
 + Level 19.4 Long Blades
 + Level 19.4 Axes
 + Level 19.4 Maces & Flails
 + Level 19.4 Polearms
 + Level 19.4 Staves
 + Level 19.4 Ranged Weapons
 + Level 19.4 Throwing
 + Level 19.4 Armour
 + Level 19.8 Dodging
 + Level 19.8 Stealth
 + Level 19.4 Shields
 + Level 19.4 Unarmed Combat
 + Level 19.9 Spellcasting
 + Level 16.7 Conjurations
 + Level 16.5 Hexes
 + Level 16.5 Summonings
 + Level 16.5 Necromancy
 + Level 16.5 Translocations
 + Level 16.5 Fire Magic
 + Level 16.5 Ice Magic
 + Level 16.5 Air Magic
 + Level 16.5 Earth Magic
 + Level 17.3 Alchemy
 + Level 20.9 Invocations
 + Level 19.4 Evocations
 + Level 17.9 Shapeshifting


You had 7 spell levels left.
You knew the following spells:

 Your Spells              Type           Power      Damage    Failure   Level
a - Orb of Destruction    Conj           48%        9d13      1%          7
b - Mephitic Cloud        Conj/Alch/Air  97%        N/A       1%          3
c - Olgreb's Toxic Radia  Alch           98%        N/A       1%          4
d - Ignite Poison         Fire/Alch      97%        N/A       1%          4
e - Summon Lightning Spi  Summ/Air       96%        N/A       1%          4
f - Enfeeble              Hex            48%        N/A       3%          7
g - Maxwell's Capacitive  Air            48%        ∞         6%          8
h - Irradiate             Conj/Alch      48%        3d27      1%          5
i - Fulminant Prism       Conj/Alch      48%        3d21      1%          4
j - Freezing Cloud        Conj/Ice/Air   48%        6-21      1%          5
k - Mercury Vapours       Alch/Air       100%       N/A       1%          2
l - Blink                 Tloc           100%       N/A       1%          2
n - Swiftness             Air            96%        N/A       1%          3

Your spell library contained the following spells:

 Spells                   Type           Power      Damage    Failure   Level
 Fire Storm               Conj/Fire      48%        8d12      50%         9
 Shatter                  Erth           48%        3d37*     52%         9
 Apportation              Tloc           100%       N/A       1%          1
 Foxfire                  Conj/Fire      100%       2x1d9     1%          1
 Freeze                   Ice            100%       1d10      1%          1
 Kiss of Death            Conj/Necr      100%       2d13      1%          1
 Magic Dart               Conj           100%       1d8       1%          1
 Necrotise                Necr           100%       1d9       1%          1
 Shock                    Conj/Air       100%       1d9       1%          1
 Slow                     Hex            100%       N/A       1%          1
 Sting                    Conj/Alch      100%       1d9       1%          1
 Summon Small Mammal      Summ           100%       N/A       1%          1
 Call Imp                 Summ           100%       N/A       1%          2
 Cigotuvi's Dreadful Rot  Necr/Alch/Air  100%       N/A       1%          2
 Ensorcelled Hibernation  Hex/Ice        100%       N/A       1%          2
 Jinxbite                 Hex            100%       N/A       1%          2
 Lesser Beckoning         Tloc           100%       N/A       1%          2
 Momentum Strike          Conj/Tloc      100%       3d10      1%          2
 Scorch                   Fire           100%       2d9       1%          2
 Searing Ray              Conj           100%       2d8       1%          2
 Static Discharge         Conj/Air       100%       3-8/arc   1%          2
 Call Canine Familiar     Summ           96%        N/A       1%          3
 Confusing Touch          Hex            96%        N/A       1%          3
 Dazzling Flash           Conj/Hex       100%       N/A       1%          3
 Frozen Ramparts          Ice            100%       1d16      1%          3
 Fugue of the Fallen      Necr           96%        N/A       1%          3
 Hailstorm                Conj/Ice       96%        3d15      1%          3
 Ozocubu's Armour         Ice            96%        N/A       1%          3
 Passwall                 Erth           96%        N/A       1%          3
 Sigil of Binding         Hex            96%        N/A       1%          3
 Summon Ice Beast         Ice/Summ       96%        N/A       1%          3
 Teleport Other           Tloc           96%        N/A       1%          3
 Vampiric Draining        Necr           96%        2d12      1%          3
 Volatile Blastmotes      Fire/Tloc      100%       2d18      1%          3
 Airstrike                Air            48%        2d(7-23)  1%          4
 Anguish                  Hex/Necr       48%        N/A       1%          4
 Animate Dead             Necr           96%        N/A       1%          4
 Brom's Barrelling Bould  Conj/Erth      96%        2d11      1%          4
 Dimensional Bullseye     Hex/Tloc       48%        N/A       1%          4
 Dispel Undead            Necr           96%        3d30      1%          4
 Leda's Liquefaction      Alch/Erth      48%        N/A       1%          4
 Manifold Assault         Tloc           96%        N/A       1%          4
 Martyr's Knell           Necr/Summ      96%        N/A       1%          4
 Passage of Golubria      Tloc           96%        N/A       1%          4
 Petrify                  Alch/Erth      97%        N/A       1%          4
 Sticky Flame             Fire/Alch      97%        2d14      1%          4
 Vhi's Electric Charge    Tloc/Air       100%       N/A       1%          4
 Alistair's Intoxication  Alch           65%        N/A       1%          5
 Arcjolt                  Conj/Air       48%        1d58      1%          5
 Borgnjor's Vile Clutch   Necr/Erth      48%        N/A       1%          5
 Curse of Agony           Necr           96%        N/A       1%          5
 Fireball                 Conj/Fire      48%        3d19      1%          5
 Iskenderun's Battlesphe  Conj           96%        2d14      1%          5
 Metabolic Englaciation   Hex/Ice        48%        N/A       1%          5
 Silence                  Hex/Air        48%        N/A       1%          5
 Summon Forest            Summ/Tloc      48%        N/A       1%          5
 Summon Mana Viper        Hex/Summ       96%        N/A       1%          5
 Yara's Violent Unravell  Hex/Alch       48%        3d19      1%          5
 Conjure Ball Lightning   Conj/Air       48%        3x3d17    1%          6
 Plasma Beam              Fire/Air       48%        2x1d62    1%          6
 Sculpt Simulacrum        Ice/Alch       48%        N/A       1%          6
 Summon Cactus Giant      Summ           48%        N/A       1%          6
 Ozocubu's Refrigeration  Ice            48%        4d18      1%          7
 Ignition                 Fire           48%        3d14      6%          8
 Chain Lightning          Conj/Air       48%        3d64      50%         9
 Polar Vortex             Ice            48%        12d6*     52%         9
 Death's Door             Necr           48%        N/A       95%         9


Dungeon Overview and Level Annotations

Branches:
Dungeon (15/15)            Temple (1/1) D:4            Lair (5/5) D:11
  Swamp (4/4) Lair:2       Spider (4/4) Lair:2        Slime (0/5) Lair:4
    Orc (2/2) D:11            Elf (3/3) Orc:2        Vaults (5/5) D:13
  Crypt (3/3) Vaults:3       Tomb (0/3) Crypt:3      Depths (4/4) D:15
    Zot (5/5) Depths:4    Gauntlet (visited)

Altars:
Ashenzari
Cheibriados
Dithmenos
Elyvilon
Fedhas
Gozag
Hepliaklqana
Kikubaaqudgha
Makhleb
Nemelex Xobeh
Okawaru
Qazlal
Ru
Sif Muna
Trog
Uskayaw
Vehumet
Wu Jian
Xom
Yredelemnul
Zin
The Shining One
Jiyva
Lugonu

Shops:
D:13 ?   Orc:1 [   Orc:2 [!!*   Elf:1 :(?   Vaults:5 [!!!*?!   Depths:1 *

Portals:
Hell: Depths:1 Depths:2 Depths:3 Depths:4
Abyss: Depths:3 Depths:4
Pandemonium: Depths:2 Depths:3
Ziggurat: Depths:3

Annotations:
D:2 1 runed translucent door, Crazy Yiuf
D:9 exclusion: 2 doors, Maurice
D:11 exclusion: 2 doors
Lair:1 2 runed translucent doors, DemonSlayer's ghost, journeyman DsEE
Elf:2 3 runed translucent doors
Vaults:1 3 runed translucent doors, puppykicker's ghost, adept DjMo
Vaults:4 3 runed translucent doors, 2 transporters, Yjimoseergh's ghost, adept SpFE
Depths:4 exclusion: door


Innate Abilities, Weirdness & Mutations

You have extremely sharp teeth.
Your uncanny sense of smell can sniff out nearby items.
Your experience applies equally to all skills.
You are clumsy. (Dex -2)
Your body often deteriorates upon taking damage.
You have an increased reservoir of magic. (+10% MP)
Your system is resistant to poisons. (rPois)
Your spells are a little harder to cast, but a little more powerful.


Message History

There is a stone staircase leading up here.
There is a stone staircase leading up here.
An orange demon comes into view.
There is a stone staircase leading up here.
You puncture the orange demon!
The orange demon convulses!
The orange demon is haunted by guilt!
The orange demon is moderately wounded.
You hit the orange demon.
The orange demon convulses!
Your bite misses the orange demon.
The orange demon is severely wounded.
You puncture the orange demon!
The orange demon convulses!
You kill the orange demon!
Vehumet accepts your kill.
No target in view!
You fly upwards.
Level annotation: 1 runed translucent door, Crazy Yiuf
There is a stone staircase leading down here.
A rust devil comes into view.
You block the rust devil's attack.
You closely miss the rust devil. You barely miss the rust devil.
The rust devil closely misses you.
You puncture the rust devil!
The rust devil convulses.
The rust devil is haunted by guilt!
The rust devil is moderately wounded.
You block the rust devil's attack.
You barely miss the rust devil.
The rust devil is moderately wounded.
You puncture the rust devil!
The rust devil convulses.
The rust devil is severely wounded.
You block the rust devil's attack.
You impale the rust devil!!
You kill the rust devil!
Vehumet accepts your kill.
You feel your intelligence returning.
There is a stone staircase leading up here.
You fly upwards.
There is a stone staircase leading down here.
Unknown command.
There is a staircase leading out of the dungeon here.
You have escaped!

#..# ######..####.### #.##.. #..#
######.....###### #..... #..#
##...#.....#...## ######
#..#####.8.#.....#.8.## ###
#......#...#.....#...## #..
##.....#####.....###### #.#
####.###................# #.#
.....# #................# #.#
####.###........@.......## #.# #
#..##.................######.#
#####.##.........................
)........#####.....############.#
.####..###...#.....#...## #.# .#
#..###.8.#.....#.8.## #.# .#
#..###...#.....#...## #.# ##
#..#######.....###### #.#
#.............######## #.#


There were no monsters in sight!

Vanquished Creatures
  5 dread liches
  2 ancient liches (Vaults:5)
  3 orbs of fire (Zot:5)
  Sojobo (Vaults:3)
  3 shard shrikes
  Josephina (Depths:3)
  Vv (Zot:3)
  Boris (twice) (Elf:3 Depths:1)
  7 Killer Klowns
  12 golden dragons
  Jory (Crypt:3)
  Norris (Depths:3)
  A bone dragon (Crypt:3)
  Arachne (Spider:2)
  A hellephant (Zot:4)
  3 electric golems
  12 tentacled monstrosities
  21 Orb Guardians (Zot:5)
  4 liches
  Zenata (Crypt:3)
  A deep elf blademaster (Elf:3)
  The ghost of Suryr the Thaumaturge, an adept GnHW of Sif Muna (Swamp:2)
  An acid blob (Zot:1)
  7 titans
  2 deep elf master archers (Elf:3)
  9 quicksilver dragons
  9 death cobs
  7 sphinxes
  A thorn hunter (Swamp:4)
  The ghost of shadowrider38 the Warrior, an adept VSFi of Gozag (Swamp:1)
  2 ancient champions (Crypt:2)
  Roxanne (D:15)
  Donald (Elf:3)
  16 storm dragons
  The ghost of thirtiethelement the Spry, an adept DsBe of Trog (Swamp:4)
  8 tengu reavers
  Aizul (Swamp:3)
  8 draconian monks
  2 revenants (Crypt:2)
  3 draconian knights
  14 shadow dragons
  A protean progenitor (Zot:4)
  An emperor scorpion (Spider:3)
  10 deep elf sorcerers
  10 vault wardens
  2 draconian shifters
  5 draconian scorchers
  2 balrugs (Zot:1)
  4 deep elf elementalists (Elf:3)
  9 ghost moths
  5 frost giants
  5 fire giants
  2 iron dragons
  3 orc warlords
  15 ironbound preservers
  2 curse skulls (Crypt:1)
  A caustic shrike zombie (Crypt:3)
  4 spriggan defenders (Depths:3)
  4 broodmothers
  4 ghouls
  6 draconian annihilators
  A formless jellyfish (Vaults:2)
  6 draconian stormcallers
  31 very ugly things
  8 vampire knights
  4 hydra skeletons (Swamp:4)
  18 stone giants
  7 deep elf demonologists
  3 bunyips
  4 ironbound thunderhulks
  4 eleionomae
  8 deep elf death magi
  9 black draconians
  6 war gargoyles
  8 deep elf annihilators (Elf:3)
  10 dire elephants
  11 purple draconians
  16 yellow draconians
  18 green draconians
  A minotaur (Gauntlet)
  A lorocyproca (D:14)
  16 red draconians
  16 white draconians
  12 spark wasps
  A green death (Depths:2)
  10 ettins
  3 eidola
  4 crystal guardians
  2 shambling mangroves (Swamp:4)
  4 great orbs of eyes
  4 jiangshi
  7 entropy weavers
  9 yaktaur captains
  8 deep elf high priests
  7 fire dragons
  Fannar (Lair:1)
  2 spriggan zombies
  31 vault guards
  3 ice dragons
  3 rakshasas
  16 hydras
  A jorogumo (Spider:2)
  A spriggan skeleton (Crypt:3)
  2 spriggan air magi (Depths:3)
  7 alligators
  2 peacekeepers
  2 ogre magi
  11 deep troll earth magi
  4 radroaches
  19 centaur warriors
  4 death knights
  8 boulder beetles
  12 ironbound frosthearts
  11 two-headed ogres
  25 dancing weapons
  A deep troll shaman (Depths:3)
  4 tengu warriors
  5 vampire magi
  3 orc high priests (Orc:2)
  2 demonic crawlers
  8 hell knights
  6 spriggan berserkers
  Sonja (D:10)
  A bennu skeleton (Crypt:2)
  5 deep elf knights
  2 shadow wraiths
  5 iron trolls (Depths:3)
  A skyshark (shapeshifter) (Elf:2)
  3 skysharks
  A sixfirhy (Gauntlet)
  3 pharaoh ants (Spider:3)
  2 storm dragon zombies
  A goliath frog (Swamp:2)
  A shadow demon (Zot:5)
  4 spriggan druids
  28 skeletal warriors
  A quicksilver dragon simulacrum (Depths:3)
  7 swamp dragons
  A sun moth (Spider:1)
  3 flayed ghosts
  6 glowing orange brains
  50 deep trolls
  2 bog bodies
  An orb spider (shapeshifter) (Vaults:5)
  A cherub (Depths:3)
  8 orb spiders
  6 steelbarb worms
  7 arcanists
  2 spectral hydras (Swamp:4)
  2 golden dragon skeletons
  11 necromancers
  An iron dragon zombie (Depths:3)
  14 deep elf zephyrmancers
  9 phantasmal warriors
  8 deep elf archers
  21 wolf spiders
  8 lindwurms
  5 orc knights
  3 harpies (Vaults:2)
  18 ironbound convokers
  6 orc sorcerers
  15 deep elf pyromancers
  22 ugly things
  2 oklob plants (Swamp:4)
  2 manticores
  A shining eye (shapeshifter) (Vaults:5)
  A cyclops (shapeshifter) (D:13)
  2 large abominations (Elf:1)
  A meliai (shapeshifter) (D:13)
  A shock serpent zombie (Crypt:2)
  14 meliai
  A cyclops (D:13)
  A rust devil (D:2)
  6 black mambas
  19 elephants
  15 vault sentinels
  Joseph (D:10)
  32 moths of wrath
  2 kobold blastminers (Orc:2)
  2 smoke demons (Depths:2)
  5 torpor snails
  A human skeleton (Vaults:2)
  A black mamba (shapeshifter) (D:14)
  A gargoyle (D:13)
  A titan simulacrum (Depths:3)
  A green draconian zombie (Crypt:1)
  An orange demon (D:3)
  12 cane toads
  2 unseen horror zombies (D:9)
  A storm dragon simulacrum (Depths:3)
  A centaur skeleton (Crypt:3)
  2 hellions
  3 unseen horrors
  3 rime drakes
  7 komodo dragons
  3 tengu conjurers
  12 yaktaurs
  2 kobold demonologists
  6 freezing wraiths
  A golden dragon simulacrum (Depths:3)
  An ice devil (D:15)
  A tormentor (Depths:3)
  3 polar bears
  A hydra zombie (Swamp:4)
  A queen bee (shapeshifter) (D:14)
  2 shadow dragon simulacra (Depths:3)
  A queen bee (Gauntlet)
  8 tyrant leeches
  20 tarantellas
  4 trolls
  2 merfolk (shapeshifter)
  11 blink frogs
  11 hornets
  A snapping turtle (shapeshifter) (Depths:3)
  26 jumping spiders
  A culicivora (shapeshifter) (Elf:2)
  2 shadows
  27 culicivoras
  2 ynoxinuls
  19 slime creatures
  An air elemental (Elf:3)
  25 spriggans
  A fire dragon skeleton (Crypt:2)
  45 yaks
  An ettin skeleton (Crypt:3)
  5 wyverns
  10 wraiths
  7 wargs
  5 water elementals
  A fire elemental (Elf:3)
  2 humans (D:13)
  4 fire bats (Depths:1)
  A basilisk (Lair:4)
  3 chaos spawn (Elf:3)
  A steam dragon (D:8)
  55 redbacks
  8 vampire mosquitoes
  A two-headed ogre zombie (Crypt:1)
  12 swamp worms
  3 acid dragons
  A glowing shapeshifter zombie (Crypt:1)
  A naga skeleton (Crypt:3)
  6 hydra simulacra
  An entropy weaver zombie (Crypt:1)
  8 water moccasins
  9 swamp drakes
  A black bear (shapeshifter) (Depths:4)
  7 black bears
  45 orc warriors
  4 ice beasts
  2 swamp dragon zombies (Swamp:4)
  3 boggarts (Lair:5)
  A tengu (shapeshifter) (D:15)
  8 ogres
  43 laughing skulls
  45 wolves
  13 centaurs
  A hog zombie (Crypt:2)
  2 phantoms
  4 kobold brigands
  A komodo dragon zombie (Crypt:2)
  A nameless horror (Swamp:2)
  3 elf zombies (Elf:1)
  A vine stalker zombie (Crypt:1)
  2 earth elementals
  4 bullfrogs
  8 necrophages
  3 scorpions
  15 wights
  A queen bee zombie (Crypt:2)
  13 killer bees
  3 electric eels
  A wolf zombie (Crypt:1)
  A howler monkey (D:6)
  2 bombardier beetles (D:5)
  3 centaur zombies
  4 hounds
  4 jellies
  2 human zombies
  26 orc priests
  A gnoll bouda (D:7)
  Jessica (D:2)
  2 iguanas
  3 sleepcaps
  40 orc wizards
  A mummy (D:9)
  A howler monkey zombie (D:9)
  8 gnolls
  A swamp drake zombie (Swamp:4)
  10 adders
  A steam dragon skeleton (Crypt:1)
  A white imp (D:6)
  4 ufetubi (D:7)
  6 dart slugs
  2 ribbon worms (D:2)
  72 orcs
  8 endoplasms
  A giant cockroach (D:1)
  6 goblins
  10 hobgoblins
  2 jackals (D:5)
  2 quokkas
  5 ball pythons
  A ball python skeleton (Crypt:2)
  5 bats
  4 frilled lizards
  25 kobolds
  An orc skeleton (Crypt:2)
  2 rats
  An aspiring flesh (Zot:1)
  A butterfly (Depths:3)
  A fulminant prism (Vaults:1)
  A snaplasher vine (Vaults:4)
2078 creatures vanquished.

Vanquished Creatures (collateral kills)
  Parghit (Zot:1)
  4 Killer Klowns (Zot:5)
  A caustic shrike (Depths:3)
  3 Orb Guardians (Zot:5)
  The ghost of Strat the Warrior, an adept GrEE of Dithmenos (Spider:4)
  A shadow dragon (Zot:5)
  A thorn hunter (Swamp:4)
  2 protean progenitors (Zot:1)
  A draconian monk (Zot:1)
  The ghost of Esekla the Reanimator, an adept DsWr of Lugonu (Swamp:4)
  A deep elf sorcerer (Elf:3)
  A deep elf elementalist (Elf:3)
  2 eleionomae
  A black draconian (Zot:1)
  2 bunyips
  2 white draconians
  A dire elephant (Vaults:4)
  A green death (Zot:1)
  2 hydras
  A radroach (Spider:4)
  An alligator (Swamp:2)
  An ironbound frostheart (Vaults:2)
  2 satyrs (Zot:1)
  A demonic crawler (Spider:3)
  6 spriggans
  3 goliath frogs
  A bog body (Swamp:1)
  A deep elf archer (Elf:1)
  3 swamp dragons
  2 spriggan druids
  A necromancer (Vaults:2)
  A deep elf pyromancer (Elf:1)
  A wolf spider (Spider:4)
  An oklob plant (Swamp:4)
  A moth of wrath (Zot:1)
  2 kobold blastminers (Orc:1)
  A will-o-the-wisp (Swamp:1)
  A human skeleton (Vaults:2)
  A frost giant skeleton (Vaults:2)
  A freezing wraith (Swamp:4)
  6 hornets
  An elf skeleton (Vaults:2)
  A swamp worm (Swamp:2)
  A swamp dragon zombie (Swamp:4)
  An orc priest (Orc:1)
  2 orc wizards (Orc:1)
  A swamp drake zombie (Swamp:4)
  An orc (Orc:1)
76 creatures vanquished.

Vanquished Creatures (others)
  Boris (Vaults:2)
  3 golden dragons
  A tentacled monstrosity (Zot:2)
  2 liches
  A deep elf blademaster (Elf:3)
  An Orb Guardian (Zot:5)
  2 sphinxes
  An eldritch tentacle (Zot:1)
  4 quicksilver dragons
  2 tengu reavers
  A shadow dragon (Vaults:5)
  A death cob (Zot:4)
  A draconian monk (Zot:1)
  5 storm dragons
  A frost giant (Depths:1)
  2 vault wardens
  A draconian scorcher (Depths:4)
  A fire giant (Depths:2)
  A deep elf sorcerer (Elf:3)
  A ghoul (Crypt:3)
  A very ugly thing (Depths:3)
  2 stone giants
  3 ironbound preservers
  An ironbound thunderhulk (Vaults:1)
  3 green draconians
  A vampire knight (Crypt:3)
  A black draconian (Zot:4)
  A bunyip (Swamp:2)
  A red draconian (Zot:1)
  A deep elf annihilator (Elf:3)
  A war gargoyle (Crypt:3)
  A white draconian (Zot:3)
  2 jiangshi
  An ettin (Vaults:5)
  2 fire dragons
  A shambling mangrove (Swamp:4)
  3 vault guards
  A centaur warrior (Vaults:2)
  A spriggan berserker (Depths:3)
  2 skeletal warriors
  A swamp dragon (Swamp:4)
  A deep troll (Vaults:1)
  A lindwurm (Vaults:2)
  A phantasmal warrior (Vaults:5)
  A deep elf zephyrmancer (Elf:3)
  3 moths of wrath
  A molten gargoyle (Depths:1)
  3 bloated husks
  A tyrant leech (Swamp:2)
  A redback (Spider:4)
  3 swamp worms
  A laughing skull (Crypt:3)
  An elf zombie (Elf:1)
  An orc wizard (Orc:2)
  121 foxfires
  35 fulminant prisms
  9 snaplasher vines
  4 spectral weapons (Elf:2)
252 creatures vanquished.

Grand Total: 2406 creatures vanquished

Notes
Turn   | Place    | Note
-------+----------+-------------------------------------------
     0 | D:1      | greynaab the Gnoll Alchemist began the quest for the Orb.
     0 | D:1      | Reached XP level 1. HP: 13/13 MP: 6/6
   346 | D:1      | Reached XP level 2. HP: 19/19 MP: 5/7
   660 | D:1      | Reached skill level 5 in Spellcasting
   660 | D:1      | Reached XP level 3. HP: 22/25 MP: 1/9
   886 | D:1      | Reached skill level 1 in Invocations
  1155 | D:2      | Reached skill level 1 in Fighting
  1155 | D:2      | Reached skill level 1 in Short Blades
  1155 | D:2      | Reached skill level 1 in Long Blades
  1155 | D:2      | Reached skill level 1 in Axes
  1155 | D:2      | Reached skill level 1 in Maces & Flails
  1155 | D:2      | Reached skill level 1 in Polearms
  1155 | D:2      | Reached skill level 1 in Staves
  1155 | D:2      | Reached skill level 1 in Ranged Weapons
  1155 | D:2      | Reached skill level 1 in Throwing
  1155 | D:2      | Reached skill level 1 in Armour
  1155 | D:2      | Reached skill level 1 in Shields
  1155 | D:2      | Reached skill level 1 in Unarmed Combat
  1155 | D:2      | Reached skill level 1 in Evocations
  1333 | D:2      | Noticed Jessica
  1344 | D:2      | Killed Jessica
  1345 | D:2      | Reached skill level 1 in Shapeshifting
  1345 | D:2      | Reached XP level 4. HP: 24/32 MP: 3/11
  1471 | D:2      | Reached skill level 1 in Hexes
  1471 | D:2      | Reached skill level 1 in Summonings
  1471 | D:2      | Reached skill level 1 in Necromancy
  1471 | D:2      | Reached skill level 1 in Translocations
  1471 | D:2      | Reached skill level 1 in Fire Magic
  1471 | D:2      | Reached skill level 1 in Ice Magic
  1471 | D:2      | Reached skill level 1 in Air Magic
  1471 | D:2      | Reached skill level 1 in Earth Magic
  1636 | D:2      | Found a runed translucent door.
  1637 | D:2      | Noticed Crazy Yiuf
  2123 | D:3      | Learned a level 3 spell: Mephitic Cloud
  2128 | D:3      | Learned a level 4 spell: Olgreb's Toxic Radiance
  2446 | D:3      | Noticed a scorpion
  2824 | D:4      | Reached XP level 5. HP: 37/37 MP: 6/12
  2993 | D:4      | Found a staircase to the Ecumenical Temple.
  3002 | Temple   | Entered the Ecumenical Temple
  3015 | Temple   | Became a worshipper of Vehumet
  3263 | D:4      | Noticed a phantom
  3336 | D:3      | Reached skill level 2 in Invocations
  3336 | D:3      | Reached XP level 6. HP: 43/44 MP: 7/14
  3485 | D:4      | Reached skill level 5 in Dodging
  3750 | D:5      | Entered Level 5 of the Dungeon
  3804 | D:5      | Noticed a water moccasin
  3878 | D:5      | Learned a level 1 spell: Summon Small Mammal
  3883 | D:5      | Noticed an ice beast
  3897 | D:5      | Found a burning altar of Makhleb.
  4167 | D:5      | Reached * piety under Vehumet
  4167 | D:5      | Offered knowledge of Foxfire by Vehumet.
  4170 | D:5      | Learned a level 1 spell: Foxfire
  4503 | D:4      | Reached XP level 7. HP: 49/50 MP: 9/15
  5161 | D:5      | Reached skill level 5 in Stealth
  5161 | D:5      | Reached skill level 3 in Invocations
  5292 | D:5      | Got Sif Muna's Disquisition on Fluctuating Lightning
  5415 | D:5      | Reached XP level 8. HP: 44/58 MP: 10/16
  6457 | D:6      | Identified the +4 long sword "Beastbane" {venom, rElec
                  | Str+5 Int+2 Stlth-}
  6898 | D:6      | Found a glowing golden altar of the Shining One.
  6907 | D:6      | Reached skill level 4 in Invocations
  6910 | D:6      | Found a hazy altar of Hepliaklqana.
  6915 | D:6      | Found a snail-covered altar of Cheibriados.
  6992 | D:6      | Found an ornate altar of the Wu Jian Council.
  7361 | D:6      | Found a broken altar of Ashenzari.
  7558 | D:6      | Found a sparkling altar of Nemelex Xobeh.
  7558 | D:6      | Found an opulent altar of Gozag.
  7620 | D:6      | Identified a scroll of acquirement
  7624 | D:6      | Acquired 1084 gold pieces
  7687 | D:6      | Learned a level 3 spell: Swiftness
  7882 | D:7      | Reached XP level 9. HP: 63/65 MP: 10/18
  7946 | D:7      | Reached ** piety under Vehumet
  7946 | D:7      | Offered knowledge of Searing Ray by Vehumet.
  7957 | D:7      | Learned a level 2 spell: Searing Ray
  8157 | D:7      | Noticed a two-headed ogre
  8818 | D:7      | Killed a two-headed ogre
  8819 | D:7      | Reached skill level 5 in Invocations
  9937 | D:9      | Noticed Maurice
 10168 | D:9      | Reached skill level 5 in Fighting
 10168 | D:9      | Reached skill level 5 in Short Blades
 10168 | D:9      | Reached skill level 5 in Long Blades
 10168 | D:9      | Reached skill level 5 in Axes
 10168 | D:9      | Reached skill level 5 in Maces & Flails
 10168 | D:9      | Reached skill level 5 in Polearms
 10168 | D:9      | Reached skill level 5 in Staves
 10168 | D:9      | Reached skill level 5 in Ranged Weapons
 10168 | D:9      | Reached skill level 5 in Throwing
 10168 | D:9      | Reached skill level 5 in Armour
 10168 | D:9      | Reached skill level 5 in Shields
 10168 | D:9      | Reached skill level 5 in Unarmed Combat
 10168 | D:9      | Reached skill level 5 in Evocations
 10168 | D:9      | Reached XP level 10. HP: 74/74 MP: 11/20
 10568 | D:9      | Offered knowledge of Volatile Blastmotes by Vehumet.
 10879 | D:9      | Found a basalt altar of Yredelemnul.
 11074 | D:9      | Reached skill level 5 in Conjurations
 11114 | D:9      | Reached skill level 6 in Invocations
 11558 | D:9      | Noticed a deep elf zephyrmancer
 11572 | D:9      | Killed a deep elf zephyrmancer
 11573 | D:9      | Reached skill level 5 in Shapeshifting
 11821 | D:9      | Reached *** piety under Vehumet
 12627 | D:9      | Learned a level 3 spell: Volatile Blastmotes
 12628 | D:10     | Entered Level 10 of the Dungeon
 12686 | D:10     | Noticed Joseph
 12696 | D:10     | Reached skill level 5 in Hexes
 12696 | D:10     | Reached skill level 5 in Summonings
 12696 | D:10     | Reached skill level 5 in Necromancy
 12696 | D:10     | Reached skill level 5 in Translocations
 12696 | D:10     | Reached skill level 5 in Fire Magic
 12696 | D:10     | Reached skill level 5 in Ice Magic
 12696 | D:10     | Reached skill level 5 in Air Magic
 12696 | D:10     | Reached skill level 5 in Earth Magic
 12696 | D:10     | Reached XP level 11. HP: 61/81 MP: 10/22
 12710 | D:10     | Noticed a boulder beetle
 12725 | D:10     | Offered knowledge of Fulminant Prism by Vehumet.
 12733 | D:10     | Killed a boulder beetle
 13058 | D:10     | Noticed a two-headed ogre
 13061 | D:10     | Killed Joseph
 13062 | D:10     | Reached skill level 7 in Invocations
 13075 | D:10     | Killed a two-headed ogre
 13208 | D:10     | Learned a level 4 spell: Fulminant Prism
 13522 | D:10     | Reached **** piety under Vehumet
 13657 | D:10     | Noticed Sonja
 13665 | D:10     | Killed Sonja
 14234 | D:11     | Noticed a manticore
 14328 | D:11     | Found a staircase to the Lair.
 14570 | D:11     | You fall into a shaft and drop 3 floors!
 14586 | D:13     | Noticed a centaur warrior
 14588 | D:13     | Offered knowledge of Airstrike by Vehumet.
 14595 | D:13     | Killed a centaur warrior
 14602 | D:13     | Found a gate leading to a gauntlet.
 14607 | D:13     | Noticed a deep elf pyromancer
 14609 | D:13     | Noticed a cyclops
 14615 | Gauntlet | Entered a Gauntlet
 14615 | Gauntlet | Found a transporter.
 14615 | Gauntlet | Found a transporter.
 14615 | Gauntlet | Found a transporter.
 14626 | Gauntlet | Noticed a catoblepas
 14721 | Gauntlet | Found a transporter.
 14731 | Gauntlet | Found a transporter.
 14734 | Gauntlet | Found a transporter.
 14742 | Gauntlet | Found a transporter.
 14745 | Gauntlet | Found a transporter.
 14751 | Gauntlet | Noticed a sixfirhy
 14752 | Gauntlet | Noticed a sixfirhy
 14753 | Gauntlet | Found a transporter.
 14771 | Gauntlet | Found a transporter.
 14773 | Gauntlet | Noticed a death yak
 14773 | Gauntlet | Noticed a death yak
 14774 | Gauntlet | Noticed a death yak
 14775 | Gauntlet | Noticed a death yak
 14775 | Gauntlet | Noticed a death yak
 14778 | Gauntlet | Noticed a death yak
 14790 | Gauntlet | Found a transporter.
 14791 | Gauntlet | Found a transporter.
 15002 | Gauntlet | Learned a level 4 spell: Airstrike
 15300 | Gauntlet | Identified the +2 cloak "Pofurch" {Int+3}
 15311 | Gauntlet | Killed a sixfirhy
 15312 | Gauntlet | Reached XP level 12. HP: 23/91 MP: 15/24
 15584 | Gauntlet | Noticed a minotaur
 15606 | Gauntlet | Killed a minotaur
 15677 | Gauntlet | Got the Vademecum on Atmospheric Nonlocality
 15796 | D:13     | Reached skill level 8 in Invocations
 15954 | D:13     | Noticed a centaur warrior
 16094 | D:12     | Noticed a two-headed ogre
 16098 | D:12     | Noticed a boulder beetle
 16135 | D:12     | Noticed a boulder beetle
 16752 | D:11     | Reached ***** piety under Vehumet
 16752 | D:11     | Offered knowledge of Irradiate by Vehumet.
 16766 | D:11     | Learned a level 5 spell: Irradiate
 16887 | D:11     | Found a staircase to the Orcish Mines.
 17100 | Lair:1   | Entered Level 1 of the Lair of Beasts
 17698 | Lair:1   | Found a large runed translucent door.
 17698 | Lair:1   | Found a large runed translucent door.
 17717 | Lair:1   | Noticed DemonSlayer's ghost (journeyman DsEE)
 17752 | Lair:1   | Noticed Fannar
 17762 | Lair:1   | Killed Fannar
 17931 | Lair:1   | Noticed a boulder beetle
 17949 | Lair:1   | Killed a boulder beetle
 18396 | Lair:2   | Reached XP level 13. HP: 71/98 MP: 7/26
 18633 | Lair:2   | Reached skill level 9 in Invocations
 18975 | Lair:2   | Found a hole to the Spider Nest.
 19380 | Lair:2   | Learned a level 2 spell: Mercury Vapours
 19893 | Lair:2   | Found a staircase to the Swamp.
 20390 | Lair:3   | Reached skill level 10 in Spellcasting
 21806 | Lair:4   | Found a viscous altar of Jiyva.
 21835 | Lair:4   | Reached skill level 10 in Dodging
 21903 | Lair:4   | Found a staircase to the Slime Pits.
 22343 | Lair:4   | Reached skill level 10 in Stealth
 22536 | Lair:4   | Reached XP level 14. HP: 89/108 MP: 6/28
 22541 | Lair:4   | Reached skill level 10 in Invocations
 23175 | Lair:5   | Entered Level 5 of the Lair of Beasts
 23530 | Lair:5   | Offered knowledge of Yara's Violent Unravelling by Vehumet.
 24464 | Lair:5   | Identified the +0 ring mail of Dithmenos's Delight {rC+}
 25393 | Lair:5   | Offered knowledge of Eringya's Noxious Bog by Vehumet.
 25592 | Lair:5   | Learned a level 5 spell: Summon Forest
 25689 | Orc:1    | Entered Level 1 of the Orcish Mines
 25783 | Orc:1    | Reached skill level 10 in Alchemy
 26082 | Orc:1    | Found Otyczegu's Armour Emporium.
 26095 | Orc:1    | Bought a +1 helmet of intelligence for 231 gold pieces
 26150 | Orc:2    | Entered Level 2 of the Orcish Mines
 26150 | Orc:2    | Found a staircase to the Elven Halls.
 26168 | Orc:2    | Reached skill level 10 in Fighting
 26168 | Orc:2    | Reached skill level 10 in Short Blades
 26168 | Orc:2    | Reached skill level 10 in Long Blades
 26168 | Orc:2    | Reached skill level 10 in Axes
 26168 | Orc:2    | Reached skill level 10 in Maces & Flails
 26168 | Orc:2    | Reached skill level 10 in Polearms
 26168 | Orc:2    | Reached skill level 10 in Staves
 26168 | Orc:2    | Reached skill level 10 in Ranged Weapons
 26168 | Orc:2    | Reached skill level 10 in Throwing
 26168 | Orc:2    | Reached skill level 10 in Armour
 26168 | Orc:2    | Reached skill level 10 in Shields
 26168 | Orc:2    | Reached skill level 10 in Unarmed Combat
 26168 | Orc:2    | Reached skill level 10 in Evocations
 26330 | Orc:2    | Reached XP level 15. HP: 113/115 MP: 24/30
 26339 | Orc:2    | Reached skill level 11 in Invocations
 26878 | Orc:2    | Noticed an orc warlord
 26881 | Orc:2    | Reached ****** piety under Vehumet
 26881 | Orc:2    | Offered knowledge of Plasma Beam by Vehumet.
 26896 | Orc:2    | Killed an orc warlord
 27000 | Orc:2    | Found Zoozxe's Distillery.
 27000 | Orc:2    | Found Irip's Assorted Antiques.
 27001 | Orc:2    | Found Hofittio's Distillery.
 27007 | Orc:2    | Found Riywogao's Armour Shop.
 27021 | Orc:2    | Bought a potion of haste for 260 gold pieces
 27022 | Orc:2    | Bought a potion of berserk rage for 70 gold pieces
 27351 | Orc:1    | Noticed an orc warlord
 27364 | Orc:1    | Killed an orc warlord
 28218 | D:13     | Found Qeevog's Magic Scroll Emporium.
 28225 | D:13     | Bought a scroll of identify for 26 gold pieces
 28279 | D:13     | Learned a level 2 spell: Blink
 29540 | D:13     | Found a gate to the Vaults.
 30769 | D:15     | Entered Level 15 of the Dungeon
 30824 | D:15     | Identified the +5 great mace of Anguish {venom, *Slow Will+
                  | Dex+2}
 31344 | Spider:1 | Entered Level 1 of the Spider Nest
 31398 | Spider:1 | Learned a level 6 spell: Plasma Beam
 31411 | Spider:1 | Reached skill level 10 in Shapeshifting
 31532 | Spider:1 | Offered knowledge of Bombard by Vehumet.
 31960 | Spider:1 | Reached XP level 16. HP: 118/124 MP: 32/32
 32315 | Spider:1 | Reached skill level 12 in Invocations
 32736 | Spider:2 | Noticed Arachne
 32912 | Swamp:1  | Entered Level 1 of the Swamp
 33559 | Swamp:1  | Noticed shadowrider38's ghost (adept VSFi)
 33611 | Swamp:1  | Found a runed translucent door.
 34392 | Swamp:1  | Killed shadowrider38's ghost
 34890 | Swamp:2  | Reached skill level 10 in Conjurations
 35007 | Swamp:1  | Acquired the +0 tower shield of the Accordion {*Corrode
                  | rElec rC++ SInv}
 35286 | Spider:2 | Killed Arachne
 35765 | Spider:2 | Acquired the ring "Earthly Heaven" {rC+ MP+9 Str+4 SInv}
 36210 | Spider:2 | Offered knowledge of Iskenderun's Battlesphere by Vehumet.
 36424 | Spider:3 | Reached XP level 17. HP: 133/133 MP: 19/33
 36626 | Spider:3 | Reached skill level 10 in Hexes
 36626 | Spider:3 | Reached skill level 10 in Summonings
 36626 | Spider:3 | Reached skill level 10 in Necromancy
 36626 | Spider:3 | Reached skill level 10 in Translocations
 36626 | Spider:3 | Reached skill level 10 in Fire Magic
 36626 | Spider:3 | Reached skill level 10 in Ice Magic
 36626 | Spider:3 | Reached skill level 10 in Air Magic
 36626 | Spider:3 | Reached skill level 10 in Earth Magic
 37538 | Spider:3 | Reached skill level 13 in Invocations
 37911 | Spider:4 | Entered Level 4 of the Spider Nest
 38178 | Spider:4 | Offered knowledge of Maxwell's Capacitive Coupling by
                  | Vehumet.
 38842 | Spider:4 | Found a runed translucent door.
 38842 | Spider:4 | Noticed Strat's ghost (adept GrEE)
 38912 | Spider:4 | Killed Strat's ghost
 38914 | Spider:4 | Identified the ring "Zeloukox" {Fly rC+ Str-4 Int+3 Stlth+}
 38916 | Spider:4 | Identified the amulet "Lengak" {rPois rC+ rN++ Regen+
                  | Dex-5}
 39173 | Spider:4 | Upgraded the game from 0.31.0-4-g52a2dc7128 to
                  | 0.31.0-7-gf635a9b802
 39730 | Spider:4 | Got a gossamer rune of Zot
 39747 | Spider:4 | Identified the +0 hat of the Imp {Int+4 Slay-3}
 40029 | Vaults:1 | Entered Level 1 of the Vaults
 40036 | Vaults:1 | Reached XP level 18. HP: 95/141 MP: 16/35
 40037 | Vaults:1 | Offered knowledge of Fire Storm by Vehumet.
 40037 | Vaults:1 | Offered knowledge of Shatter by Vehumet.
 40037 | Vaults:1 | Offered knowledge of Polar Vortex by Vehumet.
 40894 | Orc:2    | Bought a scroll of teleportation for 78 gold pieces
 40894 | Orc:2    | Bought a scroll of poison for 104 gold pieces
 40894 | Orc:2    | Bought a fine spear for 208 gold pieces
 40894 | Orc:2    | Identified the +1 spear "Tadas" {spect, Will+ rCorr} (You
                  | bought it in a shop on level 2 of the Orcish Mines)
 40918 | Elf:1    | Entered Level 1 of the Elven Halls
 41017 | Elf:1    | Got the Essays on Necromancy
 41023 | Elf:1    | Learned a level 4 spell: Summon Lightning Spire
 41184 | Elf:1    | Found Nysch's Book Shop.
 41188 | Elf:1    | Found Mirph's Antique Weapon Boutique.
 41196 | Elf:1    | Bought a jewelled long sword for 212 gold pieces
 41196 | Elf:1    | Identified the +10 long sword of Yrhuxar {venom, rC+ Str+6}
                  | (You bought it in a shop on level 1 of the Elven Halls)
 41213 | Elf:1    | Found Ithopiad's Magic Scroll Shoppe.
 41217 | Elf:1    | Got the Handbook of the Beguiling Map
 41429 | Elf:1    | Identified the +4 halberd of Valiance {elec, rPois rN+
                  | Int-4}
 41757 | Elf:1    | Reached skill level 14 in Invocations
 42759 | Elf:2    | Acquired the +2 tower shield of Ru's Respect {rC+ Int+5
                  | Dex+2}
 43067 | Elf:2    | Found a runed translucent gate.
 43068 | Elf:2    | Found a runed translucent gate.
 43068 | Elf:2    | Found a runed translucent gate.
 43122 | Elf:3    | Entered Level 3 of the Elven Halls
 43144 | Elf:3    | Paralysed by an air elemental for 1 turns
 43148 | Elf:3    | Paralysed by an air elemental for 1 turns
 44100 | Elf:1    | Bought the +8 trishula "Condemnation" {holy, anguish,
                  | *Noise Fly rN+} for 2145 gold pieces
 44100 | Elf:1    | Found the +8 trishula "Condemnation" {holy, anguish, *Noise
                  | Fly rN+}
 44171 | Elf:3    | Noticed Boris
 44216 | Elf:3    | Noticed a Hell Sentinel
 44220 | Elf:3    | Noticed an Ice Fiend
 44229 | Elf:3    | Reached XP level 19. HP: 149/149 MP: 37/37
 44506 | Elf:3    | Identified the +4 morningstar of Crystal {flame, rN+ Int+2
                  | Dex+3}
 44826 | Elf:3    | Noticed Donald
 44839 | Elf:3    | Killed Donald
 45460 | Elf:3    | Got the Handbook of Precision Catastrophes
 45506 | Elf:3    | Killed Boris
 45514 | Elf:3    | Identified the +3 chain mail "Hiyluat" {rC+ MP+9 Slay+5}
 45703 | Elf:3    | Got the Encyclopedia of the Hidden Vale
 45881 | Elf:3    | Got the Anthology of Dislocation and Conduction
 45911 | Elf:3    | Identified the +1 hat "Iwoff" {rF+}
 45943 | Elf:3    | Learned a level 5 spell: Freezing Cloud
 46496 | Swamp:2  | Found a runed translucent gate.
 46496 | Swamp:2  | Found a runed translucent gate.
 46496 | Swamp:2  | Found a runed translucent gate.
 46616 | Swamp:2  | Noticed Suryr's ghost (adept GnHW)
 46629 | Swamp:2  | Killed Suryr's ghost
 47258 | Swamp:3  | Identified the serpent talisman "Opussyub" {rF+ rC+++ Str+3
                  | Int-5}
 47258 | Swamp:3  | Noticed Aizul
 47263 | Swamp:3  | Killed Aizul
 47381 | Swamp:4  | Entered Level 4 of the Swamp
 47410 | Swamp:4  | Reached skill level 15 in Invocations
 47936 | Swamp:4  | Found a runed translucent gate.
 47936 | Swamp:4  | Found a runed translucent gate.
 47937 | Swamp:4  | Found a runed translucent gate.
 47938 | Swamp:4  | Noticed Esekla's ghost (adept DsWr)
 47938 | Swamp:4  | Noticed thirtiethelement's ghost (adept DsBe)
 48135 | Swamp:4  | Reached XP level 20. HP: 152/158 MP: 38/38
 48606 | Swamp:4  | Found a blossoming altar of Fedhas.
 48750 | Swamp:4  | Got a decaying rune of Zot
 48770 | Swamp:4  | Found a basalt altar of Yredelemnul.
 48864 | Swamp:4  | Killed Esekla's ghost
 48869 | Swamp:4  | Killed thirtiethelement's ghost
 48876 | Swamp:4  | Reached XP level 21. HP: 165/165 MP: 36/39
 49322 | Vaults:1 | Reached skill level 15 in Spellcasting
 49571 | Elf:1    | Bought a Trismegistus Codex for 364 gold pieces
 49576 | Elf:1    | Learned a level 4 spell: Ignite Poison
 50136 | Vaults:1 | Reached skill level 15 in Dodging
 50164 | Vaults:1 | Found a runed translucent gate.
 50164 | Vaults:1 | Found a runed translucent gate.
 50166 | Vaults:1 | Found a runed translucent gate.
 50166 | Vaults:1 | Noticed puppykicker's ghost (adept DjMo)
 50168 | Vaults:1 | Found the sphere of Battle
 50603 | Vaults:1 | Reached skill level 15 in Stealth
 51310 | Vaults:2 | Paralysed by a formless jellyfish for 1 turns
 51365 | Vaults:2 | Noticed Boris
 51382 | Vaults:2 | Killed Boris
 52436 | Vaults:3 | Reached skill level 16 in Invocations
 52571 | Vaults:3 | Reached XP level 22. HP: 173/173 MP: 41/41
 52747 | Vaults:3 | Noticed Sojobo
 52759 | Vaults:3 | Killed Sojobo
 53631 | Vaults:3 | Identified the +2 chain mail of Follow the Leader {+Blink
                  | rC+}
 53726 | Vaults:3 | Found a staircase to the Crypt.
 53980 | Crypt:1  | Entered Level 1 of the Crypt
 53995 | Crypt:1  | Reached skill level 15 in Fighting
 53995 | Crypt:1  | Reached skill level 15 in Short Blades
 53995 | Crypt:1  | Reached skill level 15 in Long Blades
 53995 | Crypt:1  | Reached skill level 15 in Axes
 53995 | Crypt:1  | Reached skill level 15 in Maces & Flails
 53995 | Crypt:1  | Reached skill level 15 in Polearms
 53995 | Crypt:1  | Reached skill level 15 in Staves
 53995 | Crypt:1  | Reached skill level 15 in Ranged Weapons
 53995 | Crypt:1  | Reached skill level 15 in Throwing
 53995 | Crypt:1  | Reached skill level 15 in Armour
 53995 | Crypt:1  | Reached skill level 15 in Shields
 53995 | Crypt:1  | Reached skill level 15 in Unarmed Combat
 53995 | Crypt:1  | Reached skill level 15 in Evocations
 54210 | Crypt:1  | Acquired the +0 pair of boots "Tasmeog" {rPois rF+++}
 55156 | Crypt:1  | Gained mutation: You are dopey. (Int -2) [mutagenic glow]
 55505 | Crypt:2  | Identified the +4 shortbow "Ehixeej" {drain, rN+ Int+2}
 56156 | Crypt:2  | Identified the blade talisman of Grace {Str+5}
 56629 | Crypt:3  | Entered Level 3 of the Crypt
 57620 | Crypt:3  | Reached XP level 23. HP: 173/182 MP: 41/43
 57660 | Crypt:3  | Found a staircase to the Tomb.
 57843 | Crypt:3  | Noticed Jory
 57849 | Crypt:3  | Noticed Zenata
 57866 | Crypt:3  | Killed Jory
 57871 | Crypt:3  | Killed Zenata
 58016 | Crypt:3  | Noticed a dread lich
 58051 | Crypt:3  | Killed a dread lich
 58180 | Crypt:3  | Found an ancient bone altar of Kikubaaqudgha.
 58250 | Crypt:3  | Got the Handbook of Stolen Souls
 58778 | Vaults:4 | Reached skill level 17 in Invocations
 58980 | Vaults:4 | Found a runed translucent gate.
 58980 | Vaults:4 | Found a runed translucent gate.
 58980 | Vaults:4 | Found a runed translucent gate.
 59460 | Vaults:4 | Found a transporter.
 59462 | Vaults:4 | Noticed Yjimoseergh's ghost (adept SpFE)
 59466 | Vaults:4 | Found a transporter.
 59971 | Vaults:4 | Learned a level 6 spell: Sculpt Simulacrum
 60218 | D:15     | Noticed Roxanne
 60331 | D:15     | Killed Roxanne
 60364 | D:15     | Found a staircase to the Depths.
 60810 | Depths:1 | Entered Level 1 of the Depths
 60945 | Depths:1 | Noticed Boris
 61121 | Depths:1 | Killed Boris
 61220 | Depths:1 | You are sucked into a shaft and drop 1 floor!
 61694 | Depths:2 | Found a gateway to Hell.
 61913 | Depths:2 | Found a one-way gate leading to the halls of Pandemonium.
 62315 | Depths:2 | Identified the +7 short sword of the Special Continents
                  | {distort, Str+5}
 62844 | Depths:1 | Found Noubamp's Overcharged Wands.
 62852 | Depths:1 | Bought a wand of digging (11) for 693 gold pieces
 62852 | Depths:1 | Bought a wand of acid (18) for 1134 gold pieces
 62873 | Depths:1 | Reached XP level 24. HP: 186/191 MP: 43/43
 63429 | Depths:3 | Found a one-way gateway to a ziggurat.
 63442 | Depths:3 | Reached skill level 15 in Shapeshifting
 64046 | Depths:3 | Found a white marble altar of Elyvilon.
 64091 | Depths:3 | Identified the ring "Wakurete" {Ice Will+ Int+5}
 64091 | Depths:3 | Noticed Josephina
 64109 | Depths:3 | Noticed Norris
 64121 | Depths:3 | Killed Josephina
 64131 | Depths:3 | Killed Norris
 64403 | Depths:3 | Found a corrupted altar of Lugonu.
 64403 | Depths:3 | Found a one-way gate to the infinite horrors of the Abyss.
 64463 | Depths:3 | Reached skill level 15 in Alchemy
 64659 | Depths:3 | Found a radiant altar of Vehumet.
 64708 | Depths:3 | Learned a level 7 spell: Orb of Destruction
 64890 | Depths:3 | Noticed a caustic shrike
 64896 | Depths:3 | Killed a caustic shrike
 65385 | Depths:3 | Reached skill level 18 in Invocations
 65573 | Depths:4 | Entered Level 4 of the Depths
 65953 | Depths:4 | Found a gate to the Realm of Zot.
 66724 | Vaults:5 | Entered Level 5 of the Vaults
 66774 | Vaults:5 | Reached XP level 25. HP: 197/200 MP: 44/44
 66793 | Vaults:5 | Found Ominoniny's General Store.
 67065 | Vaults:5 | Upgraded the game from 0.31.0-7-gf635a9b802 to
                  | 0.31.0-9-g3a7656b989
 67319 | Vaults:5 | Found Niluyvaf's Magic Scroll Shop.
 67337 | Vaults:5 | Got a silver rune of Zot
 67375 | Vaults:5 | Found Athrievoo's Distillery.
 67375 | Vaults:5 | Found Jiweifor's Distillery.
 67639 | Vaults:5 | Found Idghar's Distillery.
 68312 | Vaults:5 | Noticed an ancient lich
 68490 | Vaults:5 | Noticed an ancient lich
 68508 | Vaults:5 | Killed an ancient lich
 68826 | Vaults:5 | Found Ashruth's Distillery.
 68834 | Vaults:5 | Found Suodevul's Antique Armour Boutique.
 68839 | Vaults:5 | Bought a pair of transparent gloves for 370 gold pieces
 68839 | Vaults:5 | Identified the -1 pair of gloves of the Learner {Harm rElec
                  | Dex-5 Slay+5} (You bought it in a shop on level 5 of the
                  | Vaults)
 69013 | Vaults:5 | Killed an ancient lich
 69014 | Vaults:5 | Reached skill level 15 in Conjurations
 69377 | Vaults:5 | Bought a potion of cancellation for 160 gold pieces
 69377 | Vaults:5 | Bought a potion of lignification for 60 gold pieces
 69377 | Vaults:5 | Bought a potion of berserk rage for 100 gold pieces
 69377 | Vaults:5 | Bought a potion of heal wounds for 100 gold pieces
 69377 | Vaults:5 | Bought a potion of invisibility for 160 gold pieces
 69377 | Vaults:5 | Bought a potion of lignification for 60 gold pieces
 69377 | Vaults:5 | Bought a potion of magic for 160 gold pieces
 69412 | Vaults:5 | Bought a scroll of poison for 60 gold pieces
 69412 | Vaults:5 | Bought a potion of heal wounds for 75 gold pieces
 69412 | Vaults:5 | Bought 4 silver javelins for 540 gold pieces
 69453 | Vaults:5 | Bought a scroll of torment for 104 gold pieces
 69453 | Vaults:5 | Bought 2 scrolls of teleportation for 66 gold pieces
 69453 | Vaults:5 | Bought a scroll of teleportation for 33 gold pieces
 69453 | Vaults:5 | Bought a scroll of silence for 104 gold pieces
 69453 | Vaults:5 | Bought a scroll of revelation for 82 gold pieces
 69453 | Vaults:5 | Bought a scroll of noise for 11 gold pieces
 69475 | Vaults:5 | Bought a potion of might for 72 gold pieces
 69475 | Vaults:5 | Bought a potion of haste for 180 gold pieces
 69475 | Vaults:5 | Bought 2 potions of heal wounds for 180 gold pieces
 69475 | Vaults:5 | Bought a potion of curing for 54 gold pieces
 69475 | Vaults:5 | Bought a potion of lignification for 54 gold pieces
 69475 | Vaults:5 | Bought a potion of might for 72 gold pieces
 69484 | Vaults:5 | Bought a potion of heal wounds for 85 gold pieces
 69484 | Vaults:5 | Bought a potion of invisibility for 136 gold pieces
 69484 | Vaults:5 | Bought a potion of curing for 51 gold pieces
 69484 | Vaults:5 | Bought a potion of might for 68 gold pieces
 69484 | Vaults:5 | Bought a potion of curing for 51 gold pieces
 69484 | Vaults:5 | Bought a potion of brilliance for 68 gold pieces
 69484 | Vaults:5 | Bought a potion of lignification for 51 gold pieces
 69502 | Vaults:5 | Bought a potion of lignification for 63 gold pieces
 69502 | Vaults:5 | Bought a potion of berserk rage for 105 gold pieces
 69502 | Vaults:5 | Bought a potion of heal wounds for 105 gold pieces
 69502 | Vaults:5 | Bought a potion of heal wounds for 105 gold pieces
 69502 | Vaults:5 | Bought a potion of magic for 168 gold pieces
 69502 | Vaults:5 | Bought a potion of heal wounds for 105 gold pieces
 69502 | Vaults:5 | Bought a potion of mutation for 168 gold pieces
 69845 | Zot:1    | Entered Level 1 of the Realm of Zot
 69967 | Zot:1    | Noticed Parghit
 69980 | Zot:1    | Killed Parghit
 70067 | Zot:1    | Reached skill level 19 in Invocations
 70083 | Zot:1    | Noticed a shard shrike
 70343 | Zot:1    | Reached XP level 26. HP: 202/209 MP: 45/45
 70438 | Zot:1    | Reached skill level 15 in Hexes
 70438 | Zot:1    | Reached skill level 15 in Summonings
 70438 | Zot:1    | Reached skill level 15 in Necromancy
 70438 | Zot:1    | Reached skill level 15 in Translocations
 70438 | Zot:1    | Reached skill level 15 in Fire Magic
 70438 | Zot:1    | Reached skill level 15 in Ice Magic
 70438 | Zot:1    | Reached skill level 15 in Air Magic
 70438 | Zot:1    | Reached skill level 15 in Earth Magic
 70839 | Zot:1    | Noticed a shard shrike
 70846 | Zot:1    | Killed a shard shrike
 70851 | Zot:1    | Killed a shard shrike
 70851 | Zot:1    | Noticed a Killer Klown
 71439 | Zot:1    | Killed a Killer Klown
 71966 | Zot:1    | Got Vehumet's Handbook of Violence
 75135 | Zot:3    | Reached XP level 27. HP: 181/218 MP: 37/45
 75192 | Zot:2    | Learned a level 8 spell: Maxwell's Capacitive Coupling
 75531 | Zot:3    | Noticed Vv
 75548 | Zot:3    | Killed Vv
 76588 | Zot:2    | Learned a level 7 spell: Enfeeble
 77047 | Zot:4    | Reached skill level 20 in Invocations
 78252 | Zot:4    | Identified the +1 chain mail of Articulation {rPois Str+4}
 79118 | Zot:5    | Entered Level 5 of the Realm of Zot
 80250 | Elf:1    | Bought a scroll of blinking for 127 gold pieces
 80784 | Zot:5    | Noticed a dread lich
 80789 | Zot:5    | Killed a dread lich
 80792 | Zot:5    | Noticed a dread lich
 80795 | Zot:5    | Paralysed by a dread lich for 4 turns
 80804 | Zot:5    | Killed a dread lich
 80820 | Zot:5    | Gained mutation: You have an increased reservoir of magic.
                  | (+10% MP) [mutagenic glow]
 80837 | Zot:5    | Gained mutation: Your body sometimes deteriorates upon
                  | taking damage. [mutagenic glow]
 81006 | Zot:5    | Acquired 1060 gold pieces
 81082 | Zot:5    | Noticed an orb of fire
 81084 | Zot:5    | Gained mutation: You are vulnerable to heat. (rF-) [an orb
                  | of fire]
 81088 | Zot:5    | Gained mutation: You are very vulnerable to heat. (rF--)
                  | [an orb of fire]
 81089 | Zot:5    | Killed an orb of fire
 81241 | Zot:5    | Lost mutation: You have an increased reservoir of magic.
                  | (+10% MP) [potion of mutation]
 81241 | Zot:5    | Lost mutation: You are dopey. (Int -2) [potion of mutation]
 81241 | Zot:5    | Lost mutation: You are very vulnerable to heat. (rF--)
                  | [potion of mutation]
 81241 | Zot:5    | Gained mutation: Armour fits poorly on your strangely
                  | shaped body. [potion of mutation]
 81241 | Zot:5    | Lost mutation: Your body sometimes deteriorates upon taking
                  | damage. [potion of mutation]
 81242 | Zot:5    | Lost mutation: Armour fits poorly on your strangely shaped
                  | body. [potion of mutation]
 81242 | Zot:5    | Lost mutation: You are vulnerable to heat. (rF-) [potion of
                  | mutation]
 81242 | Zot:5    | Gained mutation: You have an increased reservoir of magic.
                  | (+10% MP) [potion of mutation]
 81242 | Zot:5    | Gained mutation: You have extremely sharp teeth. [potion of
                  | mutation]
 81242 | Zot:5    | Gained mutation: Your system is resistant to poisons.
                  | (rPois) [potion of mutation]
 81242 | Zot:5    | Gained mutation: Your spells are a little harder to cast,
                  | but a little more powerful. [potion of mutation]
 81500 | Zot:5    | Noticed an orb of fire
 81513 | Zot:5    | Gained mutation: Your body sometimes deteriorates upon
                  | taking damage. [an orb of fire]
 81515 | Zot:5    | Killed an orb of fire
 81553 | Zot:5    | Noticed an orb of fire
 81555 | Zot:5    | Gained mutation: You are clumsy. (Dex -2) [an orb of fire]
 81560 | Zot:5    | Killed an orb of fire
 81760 | Zot:5    | Noticed a dread lich
 81783 | Zot:5    | Noticed a dread lich
 81788 | Zot:5    | Killed a dread lich
 81861 | Zot:5    | Killed a dread lich
 82187 | Zot:5    | Identified the +1 falchion of Death {venom, +Blink rPois
                  | Dex-2}
 82321 | Zot:5    | Got the Orb of Zot
 82433 | Zot:2    | Noticed Gyock the pandemonium lord
 82456 | Zot:1    | Noticed Jakomakh the pandemonium lord
 82603 | Depths:2 | Noticed Erudonla the pandemonium lord
 82783 | D:14     | Gained mutation: Your body often deteriorates upon taking
                  | damage. [a cacodemon]
 83049 | D:$      | Escaped with the Orb!

Illustrated notes

Levels and vault maps discovered:
D:1:      minmay_arrival_glassed_features, layout_loops_ring
D:2:      minmay_chambers_of_twos, layout_basic, uniq_jessica,
          uniq_crazy_yiuf_cottage
D:3:      wander_river, layout_basic
D:4:      layout_basic, minmay_temple_entry_statues_fountains,
          minmay_misc_feat_hallway, nrook_mini_vaults,
          minmay_misc_feat_secret_circle
D:5:      layout_loops_ring, mainiacjoe_overflow_surrounded_room
D:6:      layout_cave_pods, grunt_temple_overflow_opulence,
          evilmike_ruin_ashenzari, nicolae_overflow_macrodata_refinement,
          serial_column_ruins, column_ruins_square_huge, column_ruins_hut,
          column_ruins_open_large, column_ruins_open_large, column_ruins_grid_3,
          column_ruins_open_tiny_water, column_ruins_open_small
D:7:      layout_loops_ring, dreamdust_wishing_well, amcnicky_mini_pool_small,
          nicolae_nh_ransacked_shop
D:8:      layout_rooms
D:9:      layout_irregular_city, lemuel_mausoleum_altar_yredelemnul,
          serial_glass, glass_columns_b, glass_columns_a, glass_columns_a,
          glass_columns_a, glass_columns_b, glass_columns_a, glass_columns_a,
          glass_columns_a, glass_columns_b, glass_columns_a,
          guppyfry_early_elven_hall, uniq_maurice
D:10:     layout_irregular_city, uniq_sonja, uniq_joseph
D:11:     layout_roguey [special_room_orc], lair_entry_dummy, david_orc_5
D:12:     layout_irregular_city
D:13:     layout_loops_ring, hellmonk_vaults_keyhole, gauntlet_entry_generic,
          serial_shops, nicolae_shop_hallway_plus
D:14:     nicolae_cairo_tiling_large, layout_basic, roderic_lattice_a
D:15:     gammafunk_depths_entry_grave, layout_rooms, uniq_roxanne
Temple:   nicolae_temple_ecumenical_triangle
Lair:1:   layout_gridlike, ebering_ghost_disaster_area, wad_woods_river_01,
          uniq_fannar
Lair:2:   layout_cave_pods, palyth_hydra_swamp_entry,
          hellmonk_spider_entry_life_and_decay, infiniplex_staircase_pool
Lair:3:   layout_cave_pods, chequers_serial_rivers_micro_b,
          chequers_serial_rivers_large_a
Lair:4:   layout_cellular_growth, minmay_slime_entry_pillars,
          infiniplex_staircase_pool_2
Lair:5:   minmay_lair_end_enchanted_forest, layout_regular_city
Swamp:1:  layout_falls_marsh, hellmonk_ghost_happy_afterlife,
          nicolae_swamp_ascending_descending, nicolae_swamp_baby_hydras
Swamp:2:  layout_basic_swamp, ebering_ghost_rock_garden,
          nicolae_swamp_decorative_isthmus, swamp_pool_5
Swamp:3:  layout_falls_marsh, nicolae_swamp_very_dense_foliage, uniq_aizul
Swamp:4:  byrel_swamp_growth_death_and_undeath, layout_basic_swamp,
          gammafunk_ghost_cemetery, swamp_pool_1_2
Spider:1: layout_spider_delve, nicolae_spider_webbed_stairs
Spider:2: layout_spider_delve, uniq_arachne
Spider:3: layout_chambers, hangedman_spider_tarantella_strand
Spider:4: grunt_spider_rune_parallel, gammafunk_ghost_grave
Orc:1:    layout_diamond_mine, serial_shops, nicolae_lakefront_shop,
          regret_index_minedec_shroomtown_chain
Orc:2:    st_orc_mages, layout_caves
Elf:1:    layout_geoelf_diagonals, serial_shops, shop, minmay_elf_necromancy,
          minmay_shoptagon
Elf:2:    nicolae_elf_blades_crystal_corner, layout_loops_cross, uniq_asterion
Elf:3:    nooodl_elf_gasket, layout_gridlike,
          nicolae_elf_free_trip_to_the_abyss, uniq_donald, uniq_boris
Vaults:1: gammafunk_ghost_necromancy, nicolae_vaults_trapezoid_4,
          vaults_dpeg_cross, grunt_vaults_trifunnel, ontoclasm_vaults_bender,
          nicolae_vaults_circle_grid_b, nicolae_vaults_trapezoid_lopsided_1,
          nicolae_vaults_mini_display_case, nicolae_vaults_three_branches,
          nicolae_vaults_closet_pinwheel_4, v_misc_26,
          nicolae_vaults_little_squares_3, vaults_room_guarded_vault,
          ontoclasm_vaults_eye, vaults_room_door_ring, layout_vaults_ring
Vaults:2: ontoclasm_vaults_ring_small, v_misc_30, nicolae_vaults_network_s,
          ontoclasm_vaults_chip, st_lattice, nicolae_vaults_specimen_jars,
          nicolae_vaults_house_1, nicolae_vaults_trapezoid_1,
          layout_vaults_omnigrid
Vaults:3: blue_anna_dwarven_crypt, vaults_room_large_hall, v_misc_16,
          nicolae_vaults_weapon_check, v_misc_2,
          nicolae_vaults_hexular_roomagon, nicolae_vaults_rhombus_7,
          nicolae_vaults_security_offices_4, layout_vaults_chaotic_city,
          uniq_sojobo
Vaults:4: gammafunk_ghost_mausoleum, v_misc_8, v_pattern_5,
          abrahamwl_protected_by_tso_2, nicolae_vaults_sesquioval_fish,
          v_misc_2, nicolae_vaults_offset_grid_hallway_3,
          nicolae_vaults_alarming, nicolae_vaults_offset_grid_hallway_1,
          nicolae_vaults_diamond_2, nicolae_vaults_little_ls,
          nicolae_vaults_offset_grid_hallway_3,
          nicolae_vaults_shrinking_rooms_1, layout_vaults_maze
Vaults:5
Crypt:1:  layout_chaotic_city, columned_hall_lemuel, minmay_misc_feat_rows
Crypt:2:  layout_regular_city, nicolae_crypt_lurching_hallway
Crypt:3:  cryptofortress_bobbens, uniq_zenata, uniq_jory
Depths:1: layout_roguey, minmay_misc_feat_chi, hell_entry,
          serial_library_hellmonk_room_a, nicolae_shop_overcharged_wands,
          kennysheep_random_hallway
Depths:2: grunt_bruiser_brothers, layout_basic, minmay_misc_feat_doors,
          rand_demon_pan_entry_4, hell_entry
Depths:3: regret_index_malice_mire, layout_gridlike, enter_ziggurat_b,
          nicolae_elyvilon_peaceful_grove, hell_entry,
          grunt_pan_entry_in_and_out, abyss_entry_flame_altar,
          nicolae_vehumet_radiance, infiniplex_staircase_pool_lava,
          uniq_josephina, uniq_norris
Depths:4: grunt_zot_entry_tricorne, layout_cave_pools,
          hangedman_abyss_entry_splay, minivault_11, hell_entry
Zot:1:    layout_cellular_growth, hangedman_zot_spectrum, uniq_parghit
Zot:2:    layout_basic, hangedman_zot_decor_tridents
Zot:3:    nicolae_moth_party, layout_onion, uniq_vv
Zot:4:    hangedman_zot_vaults_quadrants, layout_concentric_octagons,
          st_stairs_14, hangedman_elemental_grid_stream
Zot:5:    layout_misc_corridors

Skill      XL: |  1  2  3  4  5  6  7  8  9 10 11 12 13 14 15 16 17 18 19 20 21 22 23 24 25 26 27 |
---------------+----------------------------------------------------------------------------------+-----
Conjurations   | 2 3 4 5 6 7 8 9 10 11 12 13 14 15 16 | 16.7
Spellcasting   | 5 6 7 8 9 10 11 12 13 14 15 16 17 18 19 | 19.9
Invocations    | 1 2 3 4 5 6 7 8 9 10 11 12 13 14 15 16 17 18 19 20 | 20.9
Fighting       | 1 2 3 5 6 7 8 9 10 11 12 13 14 15 16 17 18 19 | 19.4
Short Blades   | 1 2 3 5 6 7 8 9 10 11 12 13 14 15 16 17 18 19 | 19.4
Long Blades    | 1 2 3 5 6 7 8 9 10 11 12 13 14 15 16 17 18 19 | 19.4
Axes           | 1 2 3 5 6 7 8 9 10 11 12 13 14 15 16 17 18 19 | 19.4
Maces & Flails | 1 2 3 5 6 7 8 9 10 11 12 13 14 15 16 17 18 19 | 19.4
Polearms       | 1 2 3 5 6 7 8 9 10 11 12 13 14 15 16 17 18 19 | 19.4
Staves         | 1 2 3 5 6 7 8 9 10 11 12 13 14 15 16 17 18 19 | 19.4
Ranged Weapons | 1 2 3 5 6 7 8 9 10 11 12 13 14 15 16 17 18 19 | 19.4
Throwing       | 1 2 3 5 6 7 8 9 10 11 12 13 14 15 16 17 18 19 | 19.4
Armour         | 1 2 3 5 6 7 8 9 10 11 12 13 14 15 16 17 18 19 | 19.4
Shields        | 1 2 3 5 6 7 8 9 10 11 12 13 14 15 16 17 18 19 | 19.4
Unarmed Combat | 1 2 3 5 6 7 8 9 10 11 12 13 14 15 16 17 18 19 | 19.4
Evocations     | 1 2 3 5 6 7 8 9 10 11 12 13 14 15 16 17 18 19 | 19.4
Shapeshifting  | 1 2 3 4 5 6 7 8 9 10 11 12 13 14 15 16 17 | 17.9
Hexes          | 1 2 3 4 5 6 7 8 9 10 11 12 13 14 15 16 | 16.5
Summonings     | 1 2 3 4 5 6 7 8 9 10 11 12 13 14 15 16 | 16.5
Necromancy     | 1 2 3 4 5 6 7 8 9 10 11 12 13 14 15 16 | 16.5
Translocations | 1 2 3 4 5 6 7 8 9 10 11 12 13 14 15 16 | 16.5
Fire Magic     | 1 2 3 4 5 6 7 8 9 10 11 12 13 14 15 16 | 16.5
Ice Magic      | 1 2 3 4 5 6 7 8 9 10 11 12 13 14 15 16 | 16.5
Air Magic      | 1 2 3 4 5 6 7 8 9 10 11 12 13 14 15 16 | 16.5
Earth Magic    | 1 2 3 4 5 6 7 8 9 10 11 12 13 14 15 16 | 16.5
Dodging        | 5 6 7 8 9 10 11 12 13 14 15 16 17 18 19 | 19.8
Stealth        | 5 6 7 8 9 10 11 12 13 14 15 16 17 18 19 | 19.8
Alchemy        | 6 7 8 9 10 11 12 13 14 15 16 17 | 17.3

Action                     |  1- 3 |  4- 6 |  7- 9 | 10-12 | 13-15 | 16-18 | 19-21 | 22-24 | 25-27 || total
---------------------------+-------+-------+-------+-------+-------+-------+-------+-------+-------++-------
  Melee: Mace              |       |     2 |       |       |       |       |       |       |       ||     2
         Long sword        |       |       |     8 |   122 |   651 |   471 |       |       |       ||  1252
         Bite              |       |       |     1 |    15 |    90 |    84 |    93 |   179 |   182 ||   644
         Punch             |       |       |       |     4 |       |       |       |       |       ||     4
         Spear             |       |       |       |       |       |   182 |       |       |       ||   182
         Trishula          |       |       |       |       |       |    15 |   798 |  1134 |  1142 ||  3089
   Fire: Hand cannon       |       |       |       |       |     4 |       |       |       |       ||     4
  Throw: Dart              |       |       |     1 |    10 |       |       |     1 |       |     2 ||    14
         Boomerang         |       |       |       |       |       |    22 |       |       |       ||    22
   Cast: Sting             |    54 |   135 |   161 |   144 |    24 |       |       |       |       ||   518
         Foxfire           |       |     3 |    69 |       |       |       |       |       |       ||    72
         Mephitic Cloud    |       |     3 |    27 |    35 |    45 |    48 |    43 |    47 |    26 ||   274
         Olgreb's Toxic Ra |       |     1 |     6 |    45 |   126 |   148 |   101 |   158 |   221 ||   806
         Summon Small Mamm |       |       |     5 |     2 |       |       |       |       |       ||     7
         Searing Ray       |       |       |     8 |    48 |       |     1 |       |       |       ||    57
         Swiftness         |       |       |       |     4 |     1 |       |       |       |       ||     5
         Volatile Blastmot |       |       |       |     1 |       |       |       |       |       ||     1
         Fulminant Prism   |       |       |       |    13 |     8 |     7 |     1 |     5 |     2 ||    36
         Airstrike         |       |       |       |    19 |     6 |       |       |       |       ||    25
         Irradiate         |       |       |       |     3 |    89 |   109 |    29 |    68 |    56 ||   354
         Mercury Vapours   |       |       |       |       |   176 |    23 |     5 |    11 |     6 ||   221
         Summon Forest     |       |       |       |       |     1 |    15 |    21 |     6 |     1 ||    44
         Plasma Beam       |       |       |       |       |     1 |    15 |    15 |    59 |       ||    90
         Summon Lightning  |       |       |       |       |       |     4 |     6 |     1 |     2 ||    13
         Ignite Poison     |       |       |       |       |       |       |    34 |   146 |   218 ||   398
         Freezing Cloud    |       |       |       |       |       |       |     1 |    33 |    76 ||   110
         Orb of Destructio |       |       |       |       |       |       |       |    10 |    65 ||    75
         Sculpt Simulacrum |       |       |       |       |       |       |       |     1 |       ||     1
         Blink             |       |       |       |       |       |       |       |       |     1 ||     1
         Maxwell's Capacit |       |       |       |       |       |       |       |       |    33 ||    33
         Enfeeble          |       |       |       |       |       |       |       |       |     5 ||     5
Ability: Evoke Invisibilit |       |       |       |       |       |       |       |       |     2 ||     2
  Evoke: Wand              |       |       |       |    10 |     2 |    13 |     6 |    24 |     9 ||    64
         Lightning rod     |       |       |       |       |       |     8 |       |       |       ||     8
         Sack of spiders   |       |       |       |       |       |     3 |       |       |     4 ||     7
         Phial of floods   |       |       |       |       |       |       |     1 |       |       ||     1
         Condenser vane    |       |       |       |       |       |       |       |       |     1 ||     1
    Use: Scroll            |       |    11 |     6 |    13 |    11 |    13 |     5 |    11 |    23 ||    93
         Potion            |       |       |       |     3 |     2 |     6 |     2 |    15 |    15 ||    43
   Stab: Confused          |       |       |       |     4 |    20 |    23 |    18 |     1 |     6 ||    72
         Sleeping          |       |       |       |     1 |     1 |     6 |    15 |     7 |     2 ||    32
         Distracted        |       |       |       |       |     1 |     8 |    10 |     8 |     8 ||    35
         Invisible         |       |       |       |       |       |       |       |       |     1 ||     1
 Armour: Robe              |     6 |    32 |    56 |    98 |       |       |       |       |       ||   192
         Acid dragon scale |       |       |       |   180 |   477 |    95 |       |       |       ||   752
         Swamp dragon scal |       |       |       |       |       |   482 |   365 |   667 |   402 ||  1916
         Skin              |       |       |       |       |       |       |       |     2 |       ||     2
         Quicksilver drago |       |       |       |       |       |       |       |       |   619 ||   619
  Dodge: Dodged            |     8 |    39 |    66 |   227 |   431 |   299 |   134 |   281 |   357 ||  1842
  Block: Kite shield       |       |       |       |    40 |   481 |    91 |       |       |       ||   612
         Tower shield      |       |       |       |       |       |   562 |   412 |   727 |   828 ||  2529
         Form:             |       |       |       |       |       |       |     1 |     1 |       ||     2
         Serpent           |       |       |       |       |       |       |     1 |       |       ||     1
         Statue            |       |       |       |       |       |       |       |     1 |       ||     1
